 Dungeon Crawl Stone Soup version 0.27.1-33-g824d729ab1 (webtiles) character file.

Game seed: 8099461473679882562

2 Sharkman1231 the Sneak (level 1, -2/18 HPs)
             Began as a Demonspawn Delver on Dec 31, 2021.
             Slain by a bullfrog zombie (4 damage)
             ... on level 5 of the Dungeon.
             The game lasted 00:01:47 (860 turns).

Sharkman1231 the Sneak (Demonspawn Delver)           Turns: 860, Time: 00:01:48

Health: -2/18      AC:  3    Str: 12    XL:     1   Next: 25%
Magic:  1/1        EV: 11    Int: 11    God:
Gold:   19         SH:  0    Dex: 14    Spells: 0/0 levels left

rFire    . . .     SeeInvis .   a - +0 mace
rCold    . . .     Faith    .   (no shield)
rNeg     . . .     Spirit   .   b - +0 leather armour
rPois    .         Reflect  .   (no helmet)
rElec    .         Harm     .   (no cloak)
rCorr    .         Rampage  .   (no gloves)
Will     +....                  (no boots)
Stlth    ++........             (no amulet)
HPRegen  0.06/turn              e - ring of willpower
MPRegen  0.07/turn              (no ring)

@: hasted, very quick
A: no striking features
a: no special abilities


You were on level 5 of the Dungeon.
You visited 1 branch of the dungeon, and saw 3 of its levels.

You collected 19 gold pieces.

Inventory:

Hand Weapons
 a - a +0 mace (weapon)
Armour
 b - a +0 leather armour (worn)
 i - a +0 pair of boots
Jewellery
 e - a ring of willpower (left hand)
Wands
 g - a wand of digging (3)
Scrolls
 c - a scroll of fog
 d - 2 scrolls of magic mapping
 h - a scroll of identify {unknown}


   Skills:
 + Level 3.0 Fighting
 * Level 1.8 Maces & Flails
 * Level 1.8 Dodging
 - Level 4.5 Stealth
 + Level 0.0 Evocations


You couldn't memorise any spells.
You didn't know any spells.
Your spell library was empty.

Dungeon Overview and Level Annotations

Branches:
Dungeon (6/15)
 Temple: D:4-7

Altars:

Annotations:
D:4 Eustachio
D:5 1 transporter, comborobin's ghost, weakling MfDe


Message History

You now have 19 gold pieces.
Things that are here:
a +0 hand axe; an orc corpse
e - a ring of willpower (left hand)
You start resting.
A water moccasin skeleton comes into view.
Things that are here:
a +0 hand axe; an orc corpse You start resting.
HP restored.
Okay, then.
Things that are here:
a +0 hand axe; an orc corpse
Found a ring mail.
There is a stone staircase leading up here.
You climb upwards.
Level annotation: Eustachio The iguana hisses angrily.
There is a stone staircase leading down here.
You climb downwards.
Level annotation: comborobin's ghost, weakling MfDe
There is a stone staircase leading up here.
Comborobin's ghost turns its malevolent gaze towards you.
You hear an angry buzzing noise. x3
A bullfrog zombie comes into view.
Found a pair of boots.
A hound comes into view.
The bullfrog zombie hits you. The bullfrog zombie closely misses you.
Found a potion of ambrosia.
Found a transporter.
The bullfrog zombie hits you. x2
Found 17 gold pieces.
Found a forked copper wand.
The bullfrog zombie closely misses you. The bullfrog zombie hits you.
* * * LOW HITPOINT WARNING * * *
You see here a +0 pair of boots.
i - a +0 pair of boots The bullfrog zombie hits you but does no damage.
Unknown command.
You feel yourself speed up. The bullfrog zombie hits you.
You die...

........# .....
.# .......## ...
..' .h#.. ......
##
##.#.####'#'#...#
................
...# #@# ##..#
..####Z#......
#.##.......©..
#.#..#########
#...#####.( /$
########.###y..
.........##..#..
###.....###.y.#.!
#........# ###y.#


You could see a bullfrog zombie.

Vanquished Creatures
  An orc (D:5)
1 creature vanquished.

Notes
Turn   | Place    | Note
-------+----------+-------------------------------------------
     0 | D:5      | Sharkman1231 the Demonspawn Delver began the quest for the
                  | Orb.
     0 | D:5      | Reached XP level 1. HP: 18/18 MP: 1/1
    22 | D:5      | Noticed a killer bee
    22 | D:5      | Noticed a killer bee
    24 | D:5      | Noticed a killer bee
    24 | D:5      | Noticed a killer bee
    31 | D:5      | Noticed a killer bee
    35 | D:5      | Noticed a killer bee
    36 | D:5      | Noticed comborobin's ghost (weakling MfDe)
    44 | D:5      | Noticed a gnoll sergeant
    46 | D:4      | Noticed an iguana
    65 | D:6      | Noticed an orc wizard
    65 | D:6      | Noticed an orc wizard
   252 | D:4      | Noticed Eustachio
   326 | D:5      | Noticed a hound
   843 | D:5      | Noticed a killer bee
   851 | D:5      | Noticed a hound
   854 | D:5      | Found a transporter.
   860 | D:5      | Slain by a bullfrog zombie

Illustrated notes

Levels and vault maps discovered:
D:4:      layout_loops_cross, serial_glass, glass_columns_a, glass_columns_b,
          st_stairs_13, minmay_ogre_servants, uniq_robin, uniq_eustachio
D:5:      layout_basic, gammafunk_ghost_hive, eino_tiny_chamber,
          amcnicky_mini_rare_corridor_liquid, st_stairs_9
D:6:      layout_cave_pools, mainiacjoe_overflow_tiny_flanked, serial_shops,
          nicolae_shop_behind_doors, nicolae_shop_sticking_my_neck_out,
          uniq_prince_ribbit1

Action                   || total
-------------------------++-------
Melee: Mace              ||     6
  Use: Potion            ||     2
       Scroll            ||     1
Armor: Leather armour    ||     2
Dodge: Dodged            ||     8
